Red Wings vs Devils
Created - January 25, 2024 at 19:38
Goals
|
Red Wings |
0 |
1 |
2 |
3 |
Devils |
1 |
2 |
2 |
5 |
|
Shots
|
Red Wings |
15 |
4 |
16 |
35 |
Devils |
12 |
13 |
14 |
39 |
|
1st period
1. Devils , Sean Monahan 14 (Anton Stralman 5, Ondrej Kase 12) at 5:38
Penalties :
Logan Shaw (N.J) for Hooking (Minor) at 7:09, Jonathan Huberdeau (N.J) for Hooking (Minor) at 9:29, Logan Shaw (N.J) for Hooking (Minor) at 17:58
2nd period
2. Red Wings , Charlie Coyle 17 (Jake Gardiner 9, Dylan Larkin 28) at 12:11 (SH)
3. Devils , Jonathan Huberdeau 19 (Michael Del Zotto 15, Ondrej Kase 13) at 12:47 (PP)
4. Devils , Sean Monahan 15 (Tyler Ennis 28) at 18:31
Penalties :
Sean Bergenheim (Det) for Roughing (Double Minor) at 12:02
3rd period
5. Devils , Tyler Ennis 32 (Nazem Kadri 33) at 6:46
6. Red Wings , Timo Meier 4 (Charlie Coyle 28, Greg Stewart 20) at 7:03
7. Devils , Ondrej Kase 10 (Nazem Kadri 34, Matt Donovan 13) at 16:48
8. Red Wings , Charlie Coyle 18 (Greg Stewart 21) at 19:30
Penalties :
Carson Mcmillan (Det) for Holding (Minor) at 3:26, Danton Heinen (Det) for Hooking (Minor) at 3:49
Goalie Stats
Alexandar Georgiev (Det), 34 saves from 39 shots - (0.872), L, 14-16-2, 60:00 minutes
Thomas McCollum (N.J), 32 saves from 35 shots - (0.914), W, 4-0-0, 60:00 minutes
Players Stats for Red Wings
Player Name G A P +/- PIM S H SB GA TA FO MP PP MP PK MP
------------------------------------------------------------------------------------
Alex DeBrincat 0 0 0 -3 0 2 1 1 0 0 0/0 13:00 0:00 0:00
Cam Barker 0 0 0 -2 0 1 0 0 0 1 0/0 19:59 2:47 2:25
Carson Mcmillan 0 0 0 0 2 0 1 1 1 0 1/2 16:40 2:29 0:01
Charlie Coyle 2 1 3 2 0 4 1 0 1 1 17/36 26:40 3:28 2:25
Colten Teubert 0 0 0 0 0 1 0 1 0 0 0/0 10:39 0:00 0:00
Danton Heinen 0 0 0 -3 2 2 0 0 0 0 1/1 13:48 0:00 0:47
Drew Fata 0 0 0 0 0 2 0 0 0 0 0/0 10:39 0:00 0:00
Dylan Larkin 0 1 1 1 0 4 3 0 3 0 9/16 21:45 2:29 3:13
Frans Nielsen 0 0 0 -3 0 3 0 1 1 0 3/9 14:03 0:00 1:02
Greg Stewart 0 2 2 1 0 6 1 2 0 0 3/3 23:33 3:28 1:07
Jake Gardiner 0 1 1 1 0 4 1 1 1 1 0/0 29:22 3:10 2:41
Jeff Schultz 0 0 0 1 0 0 2 3 1 3 0/0 26:31 3:10 2:41
Mike Richards 0 0 0 0 0 0 0 0 0 0 0/0 1:32 0:00 0:00
Philip Samuelsson 0 0 0 -2 0 1 0 1 0 2 0/0 19:59 2:47 2:25
Roland McKeown 0 0 0 0 0 0 0 0 0 0 0/0 2:51 0:00 0:00
Sean Bergenheim 0 0 0 0 4 2 1 0 0 0 0/1 17:01 2:29 0:00
T.J. Hensick 0 0 0 0 0 0 0 0 0 0 3/4 2:58 0:00 0:00
Timo Meier 1 0 1 1 0 3 1 0 0 1 1/2 22:15 3:28 0:00
Players Stats for Devils
Player Name G A P +/- PIM S H SB GA TA FO MP PP MP PK MP
------------------------------------------------------------------------------------
Anton Lander 0 0 0 0 0 1 0 0 1 0 8/16 12:03 0:00 3:46
Anton Stralman 0 1 1 1 0 2 1 1 0 0 0/0 22:28 0:00 3:35
Brandon Carlo 0 0 0 0 0 1 0 0 1 1 0/0 18:27 0:00 3:35
Brayden Point 0 0 0 -1 0 1 0 0 0 1 7/13 13:41 2:54 0:24
Eric Tangradi 0 0 0 0 0 2 0 0 0 0 0/0 10:17 0:33 1:16
Jonathan Huberdeau 1 0 1 3 2 10 3 0 0 0 1/1 16:15 1:39 0:00
Kristopher Letang 0 0 0 0 0 0 1 0 0 1 0/0 22:16 3:35 0:00
Logan Shaw 0 0 0 0 4 0 2 0 1 1 0/0 12:07 0:33 0:59
Matt Donovan 0 1 1 1 0 0 1 1 0 0 0/0 19:17 1:31 2:22
Michael Del Zotto 0 1 1 -1 0 0 1 1 0 1 0/0 18:15 3:35 0:00
Nail Yakupov 0 0 0 0 0 2 0 1 0 0 0/1 8:03 0:00 0:00
Nazem Kadri 0 2 2 -2 0 3 2 1 0 1 13/28 20:19 2:54 1:34
Nick Palmieri 0 0 0 -1 0 2 0 1 0 0 0/2 19:17 0:36 2:21
Ondrej Kase 1 2 3 3 0 2 1 0 0 1 0/0 15:31 1:36 0:00
Sean Monahan 2 0 2 3 0 5 0 0 2 0 5/10 15:34 1:39 0:00
Sven Baertschi 0 0 0 0 0 0 0 0 0 0 0/0 10:34 0:00 0:00
Thomas Hickey 0 0 0 1 0 1 0 2 1 0 0/0 19:17 1:31 2:22
Tyler Ennis 1 1 2 -2 0 7 4 0 3 1 2/3 20:19 2:54 1:34
3 Stars
1 - Ondrej Kase (N.J)
2 - Sean Monahan (N.J)
3 - Charlie Coyle (Det)
Power Play
Red Wings - 0 on 3 Attempt(s) - 0.00%
Devils - 1 on 4 Attempt(s) - 25.00%
Penalty Kill
Red Wings - 3 on 4 Attempt(s) - 75.00%
- Score 1 goal in Penalty Kill
Devils - 3 on 3 Attempt(s) - 100.00%
- Score 0 goal in Penalty Kill
Team Stat
Red Wings - Hits : 12 - Faceoff Wins : 38 - Blocked Shots : 11 - Penalty Minutes : 8
Devils - Hits : 16 - Faceoff Wins : 36 - Blocked Shots : 8 - Penalty Minutes : 6
Official
Referees : Michael Markovic and Frederick L'Ecuyer
Linesman : Ryan Daisy and Ryan Galloway
Game Notes
No Game Note
Finance
Level 1 -- Attendance: 6000 (100.00%) -- Ticket Income $600,000
Level 2 -- Attendance: 4882 (97.64%) -- Ticket Income $292,920
Level 3 -- Attendance: 1847 (92.35%) -- Ticket Income $64,645
Level 4 -- Attendance: 3641 (91.03%) -- Ticket Income $91,025
Luxury Box -- Attendance: 966 (96.60%) -- Ticket Income $193,200
Game was played at the Prudential Center.
Total Attendance: 17336 (96.31%)
Total Ticket Income: $1,241,790
Other Income: $186,268
Total Income: $1,428,058
Red Wings
5 vs 5 Forward
Center Left Wing Right Wing Time % Phy DF OF
1 Charlie Coyle Greg Stewart Timo Meier 40 1 2 2
2 Dylan Larkin Sean Bergenheim Carson Mcmillan 30 1 2 2
3 Frans Nielsen Alex DeBrincat Danton Heinen 20 1 2 2
4 T.J. Hensick Charlie Coyle Dylan Larkin 10 1 2 2
5 vs 5 Defense
Defense Defense Time % Phy DF OF
1 Jake Gardiner Jeff Schultz 40 1 2 2
2 Philip Samuelsson Cam Barker 30 1 2 2
3 Drew Fata Colten Teubert 20 1 2 2
4 Roland McKeown Jake Gardiner 10 1 2 2
PowerPlay Forward
Center Left Wing Right Wing Time % Phy DF OF
1 Charlie Coyle Greg Stewart Timo Meier 60 1 2 2
2 Dylan Larkin Sean Bergenheim Carson Mcmillan 40 1 2 2
PowerPlay Defense
Defense Defense Time % Phy DF OF
1 Jake Gardiner Jeff Schultz 60 1 2 2
2 Philip Samuelsson Cam Barker 40 1 2 2
Penalty Kill 4 Players Forward
Center Wing Time % Phy DF OF
1 Charlie Coyle Dylan Larkin 60 1 2 2
2 Greg Stewart Frans Nielsen 40 1 2 2
Penalty Kill 4 Players Defense
Defense Defense Time % Phy DF OF
1 Jake Gardiner Jeff Schultz 60 1 2 2
2 Philip Samuelsson Cam Barker 40 1 2 2
Penalty Kill - 3 Players Forward
Forward Time % Phy DF OF
1 Charlie Coyle 60 1 2 2
2 Dylan Larkin 40 1 2 2
Penalty Kill - 3 Players Defense
Defense Defense Time % Phy DF OF
1 Jake Gardiner Jeff Schultz 60 1 2 2
2 Philip Samuelsson Cam Barker 40 1 2 2
4 vs 4 Forward
Center Wing Time % Phy DF OF
1 Charlie Coyle Dylan Larkin 60 1 2 2
2 Greg Stewart Frans Nielsen 40 1 2 2
4 vs 4 Defense
Defense Defense Time % Phy DF OF
1 Jake Gardiner Jeff Schultz 60 1 2 2
2 Philip Samuelsson Cam Barker 40 1 2 2
Last Minutes Offensive
Center Left Wing Right Wing Defense Defense
Charlie Coyle Greg Stewart Timo Meier Jake Gardiner Jeff Schultz
Last Minutes Defensive
Center Left Wing Right Wing Defense Defense
Charlie Coyle Greg Stewart Timo Meier Jake Gardiner Jeff Schultz
Goaltenders
Starting : Alexandar Georgiev
Backup : Carter Hutton
Extra Forwards
Normal : Mike Richards, T.J. Hensick, Danton Heinen - PP : Mike Richards, T.J. Hensick - PK : Danton Heinen
Extra Defensemen
Normal : Drew Fata, Colten Teubert, Roland McKeown - PP : Drew Fata - PK : Colten Teubert, Roland McKeown
Penalty Shots
Charlie Coyle, Dylan Larkin, Greg Stewart, Frans Nielsen, Sean Bergenheim
Custom OT Lines Forwards
Charlie Coyle, Dylan Larkin, Greg Stewart, Frans Nielsen, Sean Bergenheim, Timo Meier, T.J. Hensick, Carson Mcmillan, Mike Richards, Danton Heinen
Custom OT Lines Defensemen
Jake Gardiner, Jeff Schultz, Philip Samuelsson, Cam Barker, Drew Fata
Scratches
Brendan Woods (Healthy), Evgeny Dadonov (Healthy)
Devils
5 vs 5 Forward
Center Left Wing Right Wing Time % Phy DF OF
1 Nazem Kadri Tyler Ennis Nick Palmieri 36 0 2 3
2 Sean Monahan Jonathan Huberdeau Ondrej Kase 28 0 2 3
3 Brayden Point Sven Baertschi Logan Shaw 22 0 2 3
4 Anton Lander Eric Tangradi Nail Yakupov 14 0 2 3
5 vs 5 Defense
Defense Defense Time % Phy DF OF
1 Anton Stralman Kristopher Letang 38 1 3 1
2 Brandon Carlo Michael Del Zotto 32 1 3 1
3 Matt Donovan Thomas Hickey 30 1 3 1
4 Brandon Carlo Kristopher Letang 0 1 3 1
PowerPlay Forward
Center Left Wing Right Wing Time % Phy DF OF
1 Nazem Kadri Tyler Ennis Brayden Point 60 0 0 5
2 Sean Monahan Jonathan Huberdeau Ondrej Kase 40 0 0 5
PowerPlay Defense
Defense Defense Time % Phy DF OF
1 Michael Del Zotto Kristopher Letang 60 0 2 3
2 Thomas Hickey Matt Donovan 40 0 2 3
Penalty Kill 4 Players Forward
Center Wing Time % Phy DF OF
1 Anton Lander Logan Shaw 60 0 3 2
2 Nazem Kadri Tyler Ennis 40 0 3 2
Penalty Kill 4 Players Defense
Defense Defense Time % Phy DF OF
1 Brandon Carlo Anton Stralman 60 1 4 0
2 Matt Donovan Thomas Hickey 40 1 4 0
Penalty Kill - 3 Players Forward
Forward Time % Phy DF OF
1 Nazem Kadri 60 0 4 1
2 Sean Monahan 40 0 4 1
Penalty Kill - 3 Players Defense
Defense Defense Time % Phy DF OF
1 Brandon Carlo Anton Stralman 60 1 4 0
2 Matt Donovan Kristopher Letang 40 1 4 0
4 vs 4 Forward
Center Wing Time % Phy DF OF
1 Nazem Kadri Tyler Ennis 60 0 2 3
2 Sean Monahan Jonathan Huberdeau 40 0 2 3
4 vs 4 Defense
Defense Defense Time % Phy DF OF
1 Anton Stralman Kristopher Letang 60 0 3 2
2 Brandon Carlo Michael Del Zotto 40 0 3 2
Last Minutes Offensive
Center Left Wing Right Wing Defense Defense
Nazem Kadri Tyler Ennis Nick Palmieri Brandon Carlo Kristopher Letang
Last Minutes Defensive
Center Left Wing Right Wing Defense Defense
Nazem Kadri Tyler Ennis Nick Palmieri Brandon Carlo Kristopher Letang
Goaltenders
Starting : Thomas McCollum
Backup : Jonathan Quick
Extra Forwards
Normal : Brayden Point, Nail Yakupov, Logan Shaw - PP : Nick Palmieri, Brayden Point - PK : Nick Palmieri
Extra Defensemen
Normal : Anton Stralman, Brandon Carlo, Michael Del Zotto - PP : Anton Stralman - PK : Anton Stralman, Thomas Hickey
Penalty Shots
Tyler Ennis, Sean Monahan, Nazem Kadri, Nick Palmieri, Brayden Point
Custom OT Lines Forwards
Nazem Kadri, Tyler Ennis, Jonathan Huberdeau, Sean Monahan, Brayden Point, Nick Palmieri, Logan Shaw, Nail Yakupov, Anton Lander, Ondrej Kase
Custom OT Lines Defensemen
Brandon Carlo, Kristopher Letang, Michael Del Zotto, Anton Stralman, Matt Donovan
Scratches
Damon Severson (Healthy), Miikka Salomaki (Healthy), Calvin Pickard (Healthy)
% Time on Ice - Red Wings
Lines # - Real PCT - Wanted PCT - Time Play
Normal Forward
1 - 39% - 40% - 19:10
2 - 29% - 30% - 14:11
3 - 27% - 20% - 13:00
4 - 5% - 10% - 2:36
Normal Defense
1 - 42% - 40% - 20:40
2 - 30% - 30% - 14:47
3 - 22% - 20% - 10:39
4 - 6% - 10% - 2:51
PP Forward
1 - 58% - 60% - 3:28
2 - 42% - 40% - 2:29
PP Defense
1 - 53% - 60% - 3:10
2 - 47% - 40% - 2:47
PK Forward
1 - 80% - 60% - 2:48
2 - 20% - 40% - 0:42
PK Defense
1 - 61% - 60% - 2:08
2 - 39% - 40% - 1:22
PK3 Forward
1 - 100% - 60% - 1:36
2 - 0% - 40% - 0:00
PK3 Defense
1 - 34% - 60% - 0:33
2 - 66% - 40% - 1:03
44 Forward
1 - 0% - 60%
2 - 0% - 40%
44 Defense
1 - 0% - 60%
2 - 0% - 40%
Last Minute Offensive - 0:00
Last Minute Defensive - 0:00
Total
Forward - 60:00
Defense - 60:00
|
% Time on Ice - Devils
Lines # - Real PCT - Wanted PCT - Time Play
Normal Forward
1 - 33% - 36% - 16:23
2 - 28% - 28% - 13:57
3 - 22% - 22% - 10:34
4 - 16% - 14% - 8:03
Normal Defense
1 - 39% - 38% - 19:04
2 - 31% - 32% - 15:23
3 - 30% - 30% - 14:30
4 - 0% - 0% - 0:00
PP Forward
1 - 68% - 60% - 3:27
2 - 32% - 40% - 1:39
PP Defense
1 - 70% - 60% - 3:35
2 - 30% - 40% - 1:31
PK Forward
1 - 74% - 60% - 4:23
2 - 26% - 40% - 1:34
PK Defense
1 - 60% - 60% - 3:35
2 - 40% - 40% - 2:22
PK3 Forward
1 - 0% - 60%
2 - 0% - 40%
PK3 Defense
1 - 0% - 60%
2 - 0% - 40%
44 Forward
1 - 0% - 60%
2 - 0% - 40%
44 Defense
1 - 0% - 60%
2 - 0% - 40%
Last Minute Offensive - 0:00
Last Minute Defensive - 0:00
Total
Forward - 60:00
Defense - 60:00
|
Play-by-Play
1st period
0:01 of 1st period - Nazem Kadri wins face-off versus Charlie Coyle in neutral zone.
0:31 of 1st period - Snap shot by Dylan Larkin.
0:31 of 1st period - Shot Misses the Net.
0:59 of 1st period - Snap shot by Danton Heinen.
0:59 of 1st period - Shot Misses the Net.
1:08 of 1st period - Icing by Jake Gardiner.
1:09 of 1st period - Frans Nielsen wins face-off versus Anton Lander in Red Wings zone.
1:40 of 1st period - Wrist shot by Danton Heinen.
1:40 of 1st period - Shot Misses the Net.
1:42 of 1st period - Slapshot by Frans Nielsen.
1:42 of 1st period - Shot Misses the Net.
1:44 of 1st period - Slapshot by Danton Heinen.
1:44 of 1st period - Shot Misses the Net.
2:04 of 1st period - Slapshot by Jonathan Huberdeau.
2:04 of 1st period - Stopped by Alexandar Georgiev without a rebound.
2:05 of 1st period - Dylan Larkin wins face-off versus Brayden Point in Red Wings zone.
2:14 of 1st period - Wrist shot by Sven Baertschi.
2:14 of 1st period - Deflect By Logan Shaw.
2:14 of 1st period - Shot Misses the Net.
2:14 of 1st period - Puck is out of play.
2:15 of 1st period - Dylan Larkin wins face-off versus Brayden Point in Red Wings zone.
2:20 of 1st period - Sven Baertschi is hit by Carson Mcmillan and loses puck.
3:35 of 1st period - Off-side.
3:36 of 1st period - Charlie Coyle wins face-off versus Nazem Kadri in neutral zone.
3:46 of 1st period - Wrist shot by Greg Stewart.
3:46 of 1st period - Stopped by Thomas McCollum without a rebound.
3:47 of 1st period - Sean Monahan wins face-off versus Charlie Coyle in Devils zone.
3:59 of 1st period - Slapshot by Timo Meier.
3:59 of 1st period - Stopped by Thomas McCollum without a rebound.
4:00 of 1st period - Greg Stewart wins face-off versus Nazem Kadri in Devils zone.
4:39 of 1st period - Backhand shot by Philip Samuelsson.
4:39 of 1st period - Deflect By Danton Heinen.
4:39 of 1st period - Stopped by Thomas McCollum without a rebound.
4:40 of 1st period - T.J. Hensick wins face-off versus Nazem Kadri in Devils zone.
4:55 of 1st period - Snap shot by Charlie Coyle.
4:55 of 1st period - Shot Misses the Net.
5:28 of 1st period - Wrist shot by Tyler Ennis.
5:28 of 1st period - Stopped by Alexandar Georgiev with a rebound.
5:30 of 1st period - Snap shot by Nazem Kadri.
5:30 of 1st period - Stopped by Alexandar Georgiev without a rebound.
5:31 of 1st period - Jonathan Huberdeau wins face-off versus Frans Nielsen in Red Wings zone.
5:32 of 1st period - Slapshot by Sean Monahan.
5:32 of 1st period - Shot Blocked by Philip Samuelsson.
5:34 of 1st period - Slapshot by Ondrej Kase.
5:34 of 1st period - Shot Blocked by Alex DeBrincat.
5:36 of 1st period - Slapshot by Anton Stralman.
5:36 of 1st period - Stopped by Alexandar Georgiev with a rebound.
5:38 of 1st period - Slapshot by Anton Stralman.
5:38 of 1st period - Deflect By Sean Monahan.
5:38 of 1st period - Goal by Sean Monahan - Red Wings : 0 - Devils : 1.
5:39 of 1st period - Anton Lander wins face-off versus Charlie Coyle in neutral zone.
6:27 of 1st period - Snap shot by Dylan Larkin.
6:27 of 1st period - Shot Misses the Net.
7:09 of 1st period - Minor Penalty to Logan Shaw for Hooking.
7:10 of 1st period - Timo Meier wins face-off versus Anton Lander in Devils zone.
7:18 of 1st period - Slapshot by Greg Stewart.
7:18 of 1st period - Shot Misses the Net.
7:22 of 1st period - Snap shot by Timo Meier.
7:22 of 1st period - Shot Misses the Net.
7:24 of 1st period - Snap shot by Charlie Coyle.
7:24 of 1st period - Stopped by Thomas McCollum without a rebound.
7:25 of 1st period - Anton Lander wins face-off versus Charlie Coyle in Devils zone.
8:25 of 1st period - Icing by Carson Mcmillan.
8:26 of 1st period - Brayden Point wins face-off versus Dylan Larkin in Red Wings zone.
8:29 of 1st period - Slapshot by Brayden Point.
8:29 of 1st period - Stopped by Alexandar Georgiev with a rebound.
9:00 of 1st period - Snap shot by Greg Stewart.
9:00 of 1st period - Shot Misses the Net.
9:09 of 1st period - Penalty to Logan Shaw is over, Logan Shaw is back on ice.
9:29 of 1st period - Minor Penalty to Jonathan Huberdeau for Hooking.
9:30 of 1st period - Greg Stewart wins face-off versus Anton Lander in Devils zone.
10:32 of 1st period - Charlie Coyle is hit by Tyler Ennis and loses puck.
11:29 of 1st period - Penalty to Jonathan Huberdeau is over, Jonathan Huberdeau is back on ice.
11:57 of 1st period - Wrist shot by Eric Tangradi.
11:57 of 1st period - Shot Blocked by Frans Nielsen.
11:59 of 1st period - Backhand shot by Matt Donovan.
11:59 of 1st period - Shot Blocked by Jeff Schultz.
12:01 of 1st period - Snap shot by Nick Palmieri.
12:01 of 1st period - Stopped by Alexandar Georgiev without a rebound.
12:02 of 1st period - T.J. Hensick wins face-off versus Brayden Point in Red Wings zone.
13:11 of 1st period - Slapshot by Logan Shaw.
13:11 of 1st period - Shot Misses the Net.
13:13 of 1st period - Wrist shot by Sven Baertschi.
13:13 of 1st period - Shot Blocked by Greg Stewart.
13:22 of 1st period - Off-side.
13:23 of 1st period - Sean Monahan wins face-off versus Frans Nielsen in neutral zone.
13:38 of 1st period - Slapshot by Jake Gardiner.
13:38 of 1st period - Stopped by Thomas McCollum without a rebound.
13:39 of 1st period - Charlie Coyle wins face-off versus Nazem Kadri in Devils zone.
13:42 of 1st period - Snap shot by Greg Stewart.
13:42 of 1st period - Shot Blocked by Nick Palmieri.
13:54 of 1st period - Wrist shot by Timo Meier.
13:54 of 1st period - Stopped by Thomas McCollum without a rebound.
13:55 of 1st period - Dylan Larkin wins face-off versus Sean Monahan in Devils zone.
14:00 of 1st period - Slapshot by Jake Gardiner.
14:00 of 1st period - Stopped by Thomas McCollum with a rebound.
14:08 of 1st period - Snap shot by Sean Monahan.
14:08 of 1st period - Stopped by Alexandar Georgiev without a rebound.
14:09 of 1st period - Nazem Kadri wins face-off versus Charlie Coyle in Red Wings zone.
14:45 of 1st period - Snap shot by Jonathan Huberdeau.
14:45 of 1st period - Stopped by Alexandar Georgiev without a rebound.
14:46 of 1st period - Anton Lander wins face-off versus Charlie Coyle in Red Wings zone.
14:49 of 1st period - Snap shot by Anton Lander.
14:49 of 1st period - Stopped by Alexandar Georgiev without a rebound.
14:50 of 1st period - Anton Lander wins face-off versus Charlie Coyle in Red Wings zone.
15:01 of 1st period - Wrist shot by Nail Yakupov.
15:01 of 1st period - Stopped by Alexandar Georgiev with a rebound.
16:41 of 1st period - Wrist shot by Jonathan Huberdeau.
16:41 of 1st period - Stopped by Alexandar Georgiev with a rebound.
16:53 of 1st period - Slapshot by Jake Gardiner.
16:53 of 1st period - Shot Misses the Net.
16:55 of 1st period - Slapshot by Jeff Schultz.
16:55 of 1st period - Deflect By Greg Stewart.
16:55 of 1st period - Stopped by Thomas McCollum without a rebound.
16:56 of 1st period - Dylan Larkin wins face-off versus Nazem Kadri in Devils zone.
16:57 of 1st period - Slapshot by Sean Bergenheim.
16:57 of 1st period - Shot Misses the Net.
16:59 of 1st period - Snap shot by Drew Fata.
16:59 of 1st period - Deflect By Nazem Kadri.
16:59 of 1st period - Stopped by Thomas McCollum with a rebound.
17:01 of 1st period - Slapshot by Drew Fata.
17:01 of 1st period - Stopped by Thomas McCollum with a rebound.
17:03 of 1st period - Snap shot by Sean Bergenheim.
17:03 of 1st period - Stopped by Thomas McCollum with a rebound.
17:05 of 1st period - Snap shot by Sean Bergenheim.
17:05 of 1st period - Shot Misses the Net.
17:13 of 1st period - Slapshot by Dylan Larkin.
17:13 of 1st period - Stopped by Thomas McCollum with a rebound.
17:31 of 1st period - Wrist shot by Frans Nielsen.
17:31 of 1st period - Stopped by Thomas McCollum with a rebound.
17:33 of 1st period - Wrist shot by Frans Nielsen.
17:33 of 1st period - Shot Misses the Net.
17:58 of 1st period - Minor Penalty to Logan Shaw for Hooking.
17:59 of 1st period - Charlie Coyle wins face-off versus Anton Lander in Devils zone.
18:09 of 1st period - Icing by Jake Gardiner.
18:10 of 1st period - Greg Stewart wins face-off versus Anton Lander in Red Wings zone.
18:47 of 1st period - Slapshot by Greg Stewart.
18:47 of 1st period - Stopped by Thomas McCollum without a rebound.
18:48 of 1st period - Anton Lander wins face-off versus Sean Bergenheim in Devils zone.
18:56 of 1st period - Off-side.
18:57 of 1st period - Dylan Larkin wins face-off versus Nazem Kadri in neutral zone.
19:10 of 1st period - Wrist shot by Dylan Larkin.
19:10 of 1st period - Stopped by Thomas McCollum with a rebound.
19:58 of 1st period - Penalty to Logan Shaw is over, Logan Shaw is back on ice.
Goals for this period are 0 for Red Wings vs 1 for Devils.
Shots for this period are 15 for Red Wings vs 12 for Devils.
2nd period
0:01 of 2nd period - Nazem Kadri wins face-off versus Charlie Coyle in neutral zone.
0:21 of 2nd period - Kristopher Letang is hit by Jeff Schultz and loses puck.
0:28 of 2nd period - Slapshot by Anton Stralman.
0:28 of 2nd period - Shot Misses the Net.
0:30 of 2nd period - Slapshot by Anton Stralman.
0:30 of 2nd period - Shot Misses the Net.
0:51 of 2nd period - Off-side.
0:52 of 2nd period - Sean Monahan wins face-off versus Dylan Larkin in neutral zone.
0:59 of 2nd period - Slapshot by Cam Barker.
0:59 of 2nd period - Stopped by Thomas McCollum without a rebound.
1:00 of 2nd period - Sean Monahan wins face-off versus Carson Mcmillan in Devils zone.
1:20 of 2nd period - Off-side.
1:21 of 2nd period - Charlie Coyle wins face-off versus Tyler Ennis in neutral zone.
1:48 of 2nd period - Jeff Schultz is hit by Jonathan Huberdeau and loses puck.
2:10 of 2nd period - Off-side.
2:11 of 2nd period - Frans Nielsen wins face-off versus Anton Lander in neutral zone.
2:49 of 2nd period - Wrist shot by Jonathan Huberdeau.
2:49 of 2nd period - Stopped by Alexandar Georgiev without a rebound.
2:50 of 2nd period - Nazem Kadri wins face-off versus Charlie Coyle in Red Wings zone.
3:05 of 2nd period - Tyler Ennis is hit by Timo Meier and loses puck.
3:16 of 2nd period - Nick Palmieri is hit by Dylan Larkin and loses puck.
3:41 of 2nd period - Snap shot by Tyler Ennis.
3:41 of 2nd period - Stopped by Alexandar Georgiev with a rebound.
3:43 of 2nd period - Snap shot by Brandon Carlo.
3:43 of 2nd period - Stopped by Alexandar Georgiev with a rebound.
4:13 of 2nd period - Wrist shot by Nick Palmieri.
4:13 of 2nd period - Shot Blocked by Carson Mcmillan.
4:15 of 2nd period - Wrist shot by Nick Palmieri.
4:15 of 2nd period - Shot Misses the Net.
4:17 of 2nd period - Backhand shot by Thomas Hickey.
4:17 of 2nd period - Stopped by Alexandar Georgiev without a rebound.
4:18 of 2nd period - Brayden Point wins face-off versus Charlie Coyle in Red Wings zone.
4:25 of 2nd period - Sven Baertschi is hit by Charlie Coyle and loses puck.
5:43 of 2nd period - Dylan Larkin is hit by Ondrej Kase and loses puck.
7:51 of 2nd period - Slapshot by Sean Bergenheim.
7:51 of 2nd period - Deflect By Carson Mcmillan.
7:51 of 2nd period - Shot Blocked by Matt Donovan.
7:51 of 2nd period - Puck is out of play.
7:52 of 2nd period - Charlie Coyle wins face-off versus Sean Monahan in Devils zone.
8:47 of 2nd period - Frans Nielsen is hit by Logan Shaw and loses puck.
8:58 of 2nd period - Backhand shot by Danton Heinen.
8:58 of 2nd period - Shot Misses the Net.
9:00 of 2nd period - Snap shot by Timo Meier.
9:00 of 2nd period - Deflect By Anton Stralman.
9:00 of 2nd period - Shot Misses the Net.
9:00 of 2nd period - Puck is out of play.
9:01 of 2nd period - Charlie Coyle wins face-off versus Nail Yakupov in Devils zone.
9:12 of 2nd period - Slapshot by Greg Stewart.
9:12 of 2nd period - Stopped by Thomas McCollum with a rebound.
9:45 of 2nd period - Wrist shot by Nail Yakupov.
9:45 of 2nd period - Deflect By Anton Lander.
9:45 of 2nd period - Shot Misses the Net.
9:45 of 2nd period - Puck is out of play.
9:46 of 2nd period - Tyler Ennis wins face-off versus Dylan Larkin in Red Wings zone.
10:13 of 2nd period - Greg Stewart is hit by Jonathan Huberdeau and loses puck.
10:36 of 2nd period - Slapshot by Logan Shaw.
10:36 of 2nd period - Shot Misses the Net.
11:03 of 2nd period - Slapshot by Nazem Kadri.
11:03 of 2nd period - Stopped by Alexandar Georgiev without a rebound.
11:04 of 2nd period - Charlie Coyle wins face-off versus Sean Monahan in Red Wings zone.
11:27 of 2nd period - Jonathan Huberdeau is hit by Jeff Schultz and loses puck.
11:57 of 2nd period - Wrist shot by Jonathan Huberdeau.
11:57 of 2nd period - Stopped by Alexandar Georgiev without a rebound.
11:58 of 2nd period - Nazem Kadri wins face-off versus Dylan Larkin in Red Wings zone.
11:59 of 2nd period - Slapshot by Tyler Ennis.
11:59 of 2nd period - Stopped by Alexandar Georgiev without a rebound.
12:00 of 2nd period - Carson Mcmillan wins face-off versus Nazem Kadri in Red Wings zone.
12:02 of 2nd period - Double Minor Penalty to Sean Bergenheim for Roughing.
12:03 of 2nd period - Charlie Coyle wins face-off versus Nazem Kadri in Red Wings zone.
12:11 of 2nd period - Snap shot by Charlie Coyle.
12:11 of 2nd period - Goal by Charlie Coyle - Red Wings : 1 - Devils : 1.
12:12 of 2nd period - Nazem Kadri wins face-off versus Charlie Coyle in neutral zone.
12:17 of 2nd period - Snap shot by Tyler Ennis.
12:17 of 2nd period - Shot Misses the Net.
12:43 of 2nd period - Slapshot by Ondrej Kase.
12:43 of 2nd period - Deflect By Jonathan Huberdeau.
12:43 of 2nd period - Stopped by Alexandar Georgiev with a rebound.
12:47 of 2nd period - Slapshot by Jonathan Huberdeau.
12:47 of 2nd period - Goal by Jonathan Huberdeau - Red Wings : 1 - Devils : 2.
12:48 of 2nd period - Charlie Coyle wins face-off versus Nazem Kadri in neutral zone.
13:01 of 2nd period - Snap shot by Charlie Coyle.
13:01 of 2nd period - Stopped by Thomas McCollum with a rebound.
13:53 of 2nd period - Snap shot by Greg Stewart.
13:53 of 2nd period - Shot Misses the Net.
14:31 of 2nd period - Dylan Larkin is hit by Matt Donovan and loses puck.
14:47 of 2nd period - Penalty to Sean Bergenheim is over, Sean Bergenheim is back on ice.
16:54 of 2nd period - Danton Heinen is hit by Kristopher Letang and loses puck.
18:01 of 2nd period - Slapshot by Matt Donovan.
18:01 of 2nd period - Deflect By Eric Tangradi.
18:01 of 2nd period - Stopped by Alexandar Georgiev without a rebound.
18:02 of 2nd period - Anton Lander wins face-off versus Frans Nielsen in Red Wings zone.
18:05 of 2nd period - Snap shot by Eric Tangradi.
18:05 of 2nd period - Deflect By Nail Yakupov.
18:05 of 2nd period - Stopped by Alexandar Georgiev without a rebound.
18:06 of 2nd period - Anton Lander wins face-off versus Frans Nielsen in Red Wings zone.
18:09 of 2nd period - Slapshot by Anton Lander.
18:09 of 2nd period - Shot Misses the Net.
18:31 of 2nd period - Snap shot by Sean Monahan.
18:31 of 2nd period - Goal by Sean Monahan - Red Wings : 1 - Devils : 3.
18:32 of 2nd period - Nazem Kadri wins face-off versus Charlie Coyle in neutral zone.
18:35 of 2nd period - Snap shot by Kristopher Letang.
18:35 of 2nd period - Shot Misses the Net.
18:37 of 2nd period - Snap shot by Nazem Kadri.
18:37 of 2nd period - Stopped by Alexandar Georgiev without a rebound.
18:38 of 2nd period - Nazem Kadri wins face-off versus Charlie Coyle in Red Wings zone.
18:47 of 2nd period - Snap shot by Greg Stewart.
18:47 of 2nd period - Shot Blocked by Nazem Kadri.
18:55 of 2nd period - Snap shot by Tyler Ennis.
18:55 of 2nd period - Shot Misses the Net.
Goals for this period are 1 for Red Wings vs 2 for Devils.
Shots for this period are 4 for Red Wings vs 13 for Devils.
3rd period
0:01 of 3rd period - Charlie Coyle wins face-off versus Nick Palmieri in neutral zone.
0:10 of 3rd period - Snap shot by Charlie Coyle.
0:10 of 3rd period - Shot Blocked by Anton Stralman.
0:34 of 3rd period - Wrist shot by Sean Monahan.
0:34 of 3rd period - Deflect By Jeff Schultz.
0:34 of 3rd period - Stopped by Alexandar Georgiev with a rebound.
0:38 of 3rd period - Snap shot by Jonathan Huberdeau.
0:38 of 3rd period - Deflect By Sean Monahan.
0:38 of 3rd period - Shot Misses the Net.
0:38 of 3rd period - Puck is out of play.
0:39 of 3rd period - Brayden Point wins face-off versus Charlie Coyle in Red Wings zone.
1:04 of 3rd period - Matt Donovan is hit by Dylan Larkin and loses puck.
1:29 of 3rd period - Wrist shot by Ondrej Kase.
1:29 of 3rd period - Stopped by Alexandar Georgiev without a rebound.
1:30 of 3rd period - Charlie Coyle wins face-off versus Sean Monahan in Red Wings zone.
2:28 of 3rd period - Slapshot by Jonathan Huberdeau.
2:28 of 3rd period - Shot Misses the Net.
2:44 of 3rd period - Snap shot by Jonathan Huberdeau.
2:44 of 3rd period - Stopped by Alexandar Georgiev with a rebound.
2:46 of 3rd period - Snap shot by Sean Monahan.
2:46 of 3rd period - Shot Misses the Net.
3:06 of 3rd period - Slapshot by Sean Monahan.
3:06 of 3rd period - Stopped by Alexandar Georgiev with a rebound.
3:08 of 3rd period - Wrist shot by Jonathan Huberdeau.
3:08 of 3rd period - Shot Blocked by Jeff Schultz.
3:22 of 3rd period - Snap shot by Jonathan Huberdeau.
3:22 of 3rd period - Stopped by Alexandar Georgiev without a rebound.
3:23 of 3rd period - Dylan Larkin wins face-off versus Nazem Kadri in Red Wings zone.
3:23 of 3rd period - Dylan Larkin is hit by Tyler Ennis.
3:26 of 3rd period - Minor Penalty to Carson Mcmillan for Holding.
3:27 of 3rd period - Danton Heinen wins face-off versus Nazem Kadri in Red Wings zone.
3:49 of 3rd period - Minor Penalty to Danton Heinen for Hooking.
3:50 of 3rd period - Charlie Coyle wins face-off versus Nazem Kadri in Red Wings zone.
5:26 of 3rd period - Penalty to Carson Mcmillan is over, Carson Mcmillan is back on ice.
5:44 of 3rd period - Jeff Schultz is hit by Michael Del Zotto and loses puck.
5:49 of 3rd period - Penalty to Danton Heinen is over, Danton Heinen is back on ice.
6:15 of 3rd period - Icing by Nail Yakupov.
6:16 of 3rd period - Brayden Point wins face-off versus Dylan Larkin in Devils zone.
6:21 of 3rd period - Snap shot by Carson Mcmillan.
6:21 of 3rd period - Shot Blocked by Thomas Hickey.
6:23 of 3rd period - Snap shot by Dylan Larkin.
6:23 of 3rd period - Stopped by Thomas McCollum with a rebound.
6:38 of 3rd period - Snap shot by Thomas Hickey.
6:38 of 3rd period - Shot Blocked by Colten Teubert.
6:40 of 3rd period - Snap shot by Tyler Ennis.
6:40 of 3rd period - Stopped by Alexandar Georgiev without a rebound.
6:41 of 3rd period - Nazem Kadri wins face-off versus Frans Nielsen in Red Wings zone.
6:46 of 3rd period - Snap shot by Tyler Ennis.
6:46 of 3rd period - Goal by Tyler Ennis - Red Wings : 1 - Devils : 4.
6:47 of 3rd period - Nazem Kadri wins face-off versus Charlie Coyle in neutral zone.
7:01 of 3rd period - Snap shot by Charlie Coyle.
7:01 of 3rd period - Shot Misses the Net.
7:03 of 3rd period - Wrist shot by Timo Meier.
7:03 of 3rd period - Goal by Timo Meier - Red Wings : 2 - Devils : 4.
7:04 of 3rd period - Charlie Coyle wins face-off versus Nick Palmieri in neutral zone.
7:07 of 3rd period - Slapshot by Philip Samuelsson.
7:07 of 3rd period - Stopped by Thomas McCollum without a rebound.
7:08 of 3rd period - Nazem Kadri wins face-off versus Charlie Coyle in Devils zone.
7:13 of 3rd period - Cam Barker is hit by Tyler Ennis and loses puck.
7:54 of 3rd period - Snap shot by Carson Mcmillan.
7:54 of 3rd period - Deflect By Alex DeBrincat.
7:54 of 3rd period - Shot Blocked by Michael Del Zotto.
7:54 of 3rd period - Puck is out of play.
7:55 of 3rd period - Frans Nielsen wins face-off versus Sean Monahan in Devils zone.
7:56 of 3rd period - Wrist shot by Danton Heinen.
7:56 of 3rd period - Stopped by Thomas McCollum with a rebound.
7:58 of 3rd period - Snap shot by Alex DeBrincat.
7:58 of 3rd period - Shot Misses the Net.
8:02 of 3rd period - Snap shot by Frans Nielsen.
8:02 of 3rd period - Shot Misses the Net.
8:04 of 3rd period - Wrist shot by Frans Nielsen.
8:04 of 3rd period - Stopped by Thomas McCollum with a rebound.
8:06 of 3rd period - Snap shot by Jake Gardiner.
8:06 of 3rd period - Deflect By Jonathan Huberdeau.
8:06 of 3rd period - Stopped by Thomas McCollum with a rebound.
8:08 of 3rd period - Snap shot by Danton Heinen.
8:08 of 3rd period - Deflect By Alex DeBrincat.
8:08 of 3rd period - Stopped by Thomas McCollum with a rebound.
8:10 of 3rd period - Slapshot by Jake Gardiner.
8:10 of 3rd period - Stopped by Thomas McCollum without a rebound.
8:11 of 3rd period - Charlie Coyle wins face-off versus Nazem Kadri in Devils zone.
8:22 of 3rd period - Slapshot by Brandon Carlo.
8:22 of 3rd period - Shot Blocked by Greg Stewart.
9:08 of 3rd period - Wrist shot by Alex DeBrincat.
9:08 of 3rd period - Shot Misses the Net.
9:19 of 3rd period - Icing by Philip Samuelsson.
9:20 of 3rd period - Charlie Coyle wins face-off versus Anton Lander in Red Wings zone.
9:20 of 3rd period - Charlie Coyle is hit by Anton Stralman.
10:05 of 3rd period - Jeff Schultz is hit by Tyler Ennis.
10:21 of 3rd period - Slapshot by Nick Palmieri.
10:21 of 3rd period - Stopped by Alexandar Georgiev with a rebound.
10:23 of 3rd period - Slapshot by Kristopher Letang.
10:23 of 3rd period - Shot Blocked by Jeff Schultz.
10:25 of 3rd period - Snap shot by Nick Palmieri.
10:25 of 3rd period - Shot Misses the Net.
10:37 of 3rd period - Snap shot by Tyler Ennis.
10:37 of 3rd period - Stopped by Alexandar Georgiev without a rebound.
10:38 of 3rd period - Dylan Larkin wins face-off versus Brayden Point in Red Wings zone.
10:38 of 3rd period - Dylan Larkin is hit by Logan Shaw.
10:46 of 3rd period - Slapshot by Cam Barker.
10:46 of 3rd period - Shot Blocked by Thomas Hickey.
11:04 of 3rd period - Jonathan Huberdeau is hit by Alex DeBrincat and loses puck.
11:09 of 3rd period - Wrist shot by Frans Nielsen.
11:09 of 3rd period - Stopped by Thomas McCollum without a rebound.
11:10 of 3rd period - Sean Monahan wins face-off versus Frans Nielsen in Devils zone.
11:15 of 3rd period - Alex DeBrincat is hit by Jonathan Huberdeau.
11:23 of 3rd period - Snap shot by Alex DeBrincat.
11:23 of 3rd period - Stopped by Thomas McCollum with a rebound.
11:47 of 3rd period - Slapshot by Sean Monahan.
11:47 of 3rd period - Shot Misses the Net.
11:54 of 3rd period - Off-side.
11:55 of 3rd period - Nazem Kadri wins face-off versus Charlie Coyle in neutral zone.
11:57 of 3rd period - Off-side.
11:58 of 3rd period - Tyler Ennis wins face-off versus Charlie Coyle in neutral zone.
12:01 of 3rd period - Jake Gardiner is hit by Nazem Kadri and loses puck.
12:12 of 3rd period - Snap shot by Greg Stewart.
12:12 of 3rd period - Stopped by Thomas McCollum without a rebound.
12:13 of 3rd period - Dylan Larkin wins face-off versus Brayden Point in Devils zone.
12:38 of 3rd period - Nick Palmieri is hit by Jake Gardiner and loses puck.
13:22 of 3rd period - Eric Tangradi is hit by Sean Bergenheim and loses puck.
13:29 of 3rd period - Slapshot by Anton Lander.
13:29 of 3rd period - Shot Misses the Net.
13:45 of 3rd period - Kristopher Letang is hit by Greg Stewart.
14:03 of 3rd period - Alex DeBrincat is hit by Nazem Kadri and loses puck.
14:46 of 3rd period - Snap shot by Eric Tangradi.
14:46 of 3rd period - Stopped by Alexandar Georgiev with a rebound.
15:43 of 3rd period - Wrist shot by Jonathan Huberdeau.
15:43 of 3rd period - Stopped by Alexandar Georgiev with a rebound.
15:45 of 3rd period - Slapshot by Anton Stralman.
15:45 of 3rd period - Stopped by Alexandar Georgiev without a rebound.
15:46 of 3rd period - Brayden Point wins face-off versus Charlie Coyle in Red Wings zone.
16:46 of 3rd period - Slapshot by Nazem Kadri.
16:46 of 3rd period - Shot Misses the Net.
16:48 of 3rd period - Wrist shot by Ondrej Kase.
16:48 of 3rd period - Goal by Ondrej Kase - Red Wings : 2 - Devils : 5.
16:49 of 3rd period - Nazem Kadri wins face-off versus Timo Meier in neutral zone.
16:54 of 3rd period - Wrist shot by Tyler Ennis.
16:54 of 3rd period - Shot Blocked by Jake Gardiner.
16:56 of 3rd period - Wrist shot by Tyler Ennis.
16:56 of 3rd period - Stopped by Alexandar Georgiev without a rebound.
16:57 of 3rd period - Charlie Coyle wins face-off versus Nazem Kadri in Red Wings zone.
18:12 of 3rd period - Snap shot by Greg Stewart.
18:12 of 3rd period - Stopped by Thomas McCollum without a rebound.
18:13 of 3rd period - Brayden Point wins face-off versus Dylan Larkin in Devils zone.
18:58 of 3rd period - Icing by Brandon Carlo.
18:59 of 3rd period - Anton Lander wins face-off versus Dylan Larkin in Devils zone.
19:03 of 3rd period - Off-side.
19:04 of 3rd period - Dylan Larkin wins face-off versus Anton Lander in neutral zone.
19:07 of 3rd period - Anton Lander is hit by Dylan Larkin and loses puck.
19:18 of 3rd period - Wrist shot by Dylan Larkin.
19:18 of 3rd period - Shot Blocked by Nail Yakupov.
19:20 of 3rd period - Snap shot by Dylan Larkin.
19:20 of 3rd period - Stopped by Thomas McCollum with a rebound.
19:22 of 3rd period - Wrist shot by Colten Teubert.
19:22 of 3rd period - Stopped by Thomas McCollum with a rebound.
19:24 of 3rd period - Snap shot by Sean Bergenheim.
19:24 of 3rd period - Stopped by Thomas McCollum without a rebound.
19:25 of 3rd period - Charlie Coyle wins face-off versus Nazem Kadri in Devils zone.
19:30 of 3rd period - Backhand shot by Charlie Coyle.
19:30 of 3rd period - Goal by Charlie Coyle - Red Wings : 3 - Devils : 5.
19:31 of 3rd period - Brayden Point wins face-off versus T.J. Hensick in neutral zone.
19:33 of 3rd period - Off-side.
19:34 of 3rd period - T.J. Hensick wins face-off versus Brayden Point in neutral zone.
Goals for this period are 2 for Red Wings vs 2 for Devils.
Shots for this period are 16 for Red Wings vs 14 for Devils.
Output by the SimonT Hockey Simulator (STHS) for Francois Prevost